 Dungeon Crawl Stone Soup version 0.21-a0-140-g479285b (webtiles) character file.

261 Charly the Ruffian (level 5, -1/41 HPs)
             Began as a Centaur Transmuter on July 19, 2017.
             Slain by a worm (9 damage)
             ... on level 4 of the Dungeon.
             The game lasted 00:16:54 (1362 turns).

Charly the Ruffian (Centaur Transmuter)             Turns: 1362, Time: 00:16:54

Health: -1/41      AC:  2    Str: 18    XL:     5   Next: 96%
Magic:  0/8        EV: 19    Int: 16    God:
Gold:   76         SH:  0    Dex: 16    Spells: 2/8 levels left

rFire    . . .     SeeInvis .     - Unarmed
rCold    . . .     Gourm    .   (shield currently unavailable)
rNeg     . . .     Faith    .   (armour currently unavailable)
rPois    x         Spirit   .   (helmet currently unavailable)
rElec    .         Reflect  .   (cloak currently unavailable)
rCorr    .         Harm     .   (gloves currently unavailable)
MR       .....                  (no barding)
Stlth    +.........             (no amulet)
HPRegen  0.13/turn              i - +4 ring of intelligence
MPRegen  0.11/turn              m - +6 ring of strength

@: spider-form
A: no striking features
a: End Transformation


You were on level 4 of the Dungeon.
You were not hungry.
You were a venomous arachnid creature.
You visited 1 branch of the dungeon, and saw 7 of its levels.

You collected 76 gold pieces.

Inventory:

Hand Weapons
 b - the +4 dagger "Veytes" (melded) {pierce, MR+ Str+2}
   (You found it on level 6 of the Dungeon)

   It inflicts extra damage upon your enemies.
   It affects your strength (+2).
   It affects your resistance to hostile enchantments.
Missiles
 a - 27 arrows
Armour
 e - a +2 robe of fire resistance (melded)
 f - a +0 pair of gloves (melded)
Jewellery
 i - a +4 ring of intelligence (left front leg)
 m - a +6 ring of strength (right front leg)
Scrolls
 h - 3 scrolls of teleportation
 k - 2 scrolls of identify
 n - a scroll of amnesia {unknown}
 p - a scroll of remove curse
Potions
 g - 2 potions of curing
 l - a potion of magic
 o - 2 potions of heal wounds {unknown}
Books
 c - a book of Changes

   Spells                             Type                      Level
   a - Beastly Appendage              Transmutation                1
   b - Sticks to Snakes               Transmutation                2
   c - Spider Form                    Transmutation/Poison         3
   d - Ice Form                       Ice/Transmutation            4
   e - Blade Hands                    Transmutation                5
Comestibles
 d - 3 bread rations
 j - a meat ration


   Skills:
 + Level 2.1 Fighting
 + Level 1.3 Dodging
 + Level 5.0 Unarmed Combat
 - Level 2.1 Spellcasting
 - Level 3.0 Transmutations
 - Level 1.2 Poison Magic


You had 2 spell levels left.
You knew the following spells:

 Your Spells              Type           Power        Failure   Level  Hunger
a - Beastly Appendage     Tmut           ##....       17%         1    #......
s - Sticks to Snakes      Tmut           ##......     22%         2    ###....
S - Spider Form           Tmut/Pois      #.........   47%         3    ###....


Dungeon Overview and Level Annotations

Branches:
Dungeon (7/15)
 Temple: D:4-7

Altars:
Kikubaaqudgha
Vehumet

Annotations:
D:7 Prince Ribbit


Innate Abilities, Weirdness & Mutations

((You have hooves in place of feet.))
((Armour fits poorly on your strangely shaped body.))
((You cover ground very quickly.))
((You have extremely tough skin. (AC +3)))


Message History

Your transformation has ended.
The +4 dagger "Veytes" {pierce, MR+ Str+2} unmelds from your body.
Your +0 pair of gloves unmelds from your body.
Your +2 robe of fire resistance unmelds from your body.
You feel resistant to fire. The worm bites you.
* * * LOW HITPOINT WARNING * * *
Casting: Spider Form
Confirm with . or Enter, or press ? or * to list all spells.
You turn into a venomous arachnid creature.
The +4 dagger "Veytes" {pierce, MR+ Str+2} melds into your body.
Your +0 pair of gloves melds into your body.
Your +2 robe of fire resistance melds into your body.
You feel less resistant to fire.
Unknown command.
You bite the worm!
The worm is almost dead.
You hit the worm.
The worm is almost dead.
The worm bites you!
You die...

#............###
####.....#
#..............#
#+#####
#..............#
#..............#
................#
.######+###......#
#......# #......#
#..ws..# #......#
#......# #......#
#......# ########


You could see a worm.

Vanquished Creatures
  A killer bee (D:6)
  A quasit (D:7)
  A bullfrog skeleton (D:6)
  A jelly (D:7)
  A centaur skeleton (D:6)
  An adder skeleton (D:4)
  A worm (D:4)
  2 bats
  3 giant cockroaches
  2 goblins
  5 hobgoblins
  4 kobolds
  2 ball pythons
  2 frilled lizards
  A leopard gecko skeleton (D:5)
  A quokka skeleton (D:4)
  4 rats
33 creatures vanquished.

Vanquished Creatures (collateral kills)
  A crimson imp (D:5)
  A hound (D:4)
  2 adders
  A goblin (D:3)
  A hobgoblin (D:2)
  A quokka (D:3)
  A bat (D:3)
8 creatures vanquished.

Grand Total: 41 creatures vanquished

Notes
Turn   | Place    | Note
-------+----------+-------------------------------------------
     0 | D:1      | Charly the Centaur Transmuter began the quest for the Orb.
     0 | D:1      | Reached XP level 1. HP: 16/16 MP: 3/3
    88 | D:2      | Reached XP level 2. HP: 17/23 MP: 4/4
   170 | D:1      | Learned a level 2 spell: Sticks to Snakes
   463 | D:5      | Entered Level 5 of the Dungeon
   584 | D:6      | Reached skill level 4 in Unarmed Combat
   584 | D:6      | Reached XP level 3. HP: 24/29 MP: 2/5
   605 | D:5      | Reached XP level 4. HP: 24/36 MP: 2/7
   610 | D:5      | Learned a level 3 spell: Spider Form
   621 | D:5      | +10stat
   690 | D:5      | Found an ancient bone altar of Kikubaaqudgha.
   712 | D:5      | Noticed a yak
   712 | D:5      | Noticed a yak
   713 | D:5      | Noticed a yak
   766 | D:7      | waste re
   789 | D:7      | Noticed Prince Ribbit
   809 | D:7      | Reached skill level 1 in Poison Magic
   809 | D:7      | Reached XP level 5. HP: 39/41 MP: 0/8
  1013 | D:6      | Got a crystal dagger
  1022 | D:5      | Identified the +4 dagger "Veytes" {pierce, MR+ Str+2} (You found it on level 6 of the Dungeon)
  1055 | D:6      | Found a radiant altar of Vehumet.
  1103 | D:6      | HP: 2/41 [iguana (14)]
  1178 | D:4      | Reached skill level 5 in Unarmed Combat
  1252 | D:4      | HP: 1/41 [worm (10)]
  1362 | D:4      | Slain by a worm

Vault maps used:
D:1:      evilmike_arrival_crescent, serial_forest, infiniplex_forest_zigzag_1,
          infiniplex_forest_fountain, infiniplex_forest_lined_3,
          infiniplex_forest_clump_diagonal, infiniplex_forest_straight_3,
          infiniplex_forest_straight_4, infiniplex_forest_clump_diagonal,
          nemelex_xobeh_ov_fountains_minmay
D:2:      minmay_misc_feat_square
D:3:      minmay_surrounded
D:5:      kiku_gazebo_pond_becter, first_bread, nemelex_dance_club_becter
D:6:      minmay_temple_entry_statues_pillars, basic_altar,
          fedhas_altar_fruit_tree
D:7:      serial_shops, nicolae_shop_window_shopping, uniq_prince_ribbit1

Skill      XL: |  1  2  3  4  5 |
---------------+----------------+-----
Fighting       | 2 |  2.1
Unarmed Combat | 4 5 |  5.0
Spellcasting   | 2 |  2.1
Transmutations | 2 3 |  3.0
Poison Magic   | 1 |  1.2
Dodging        | |  1.3

Action                   |  1- 3 |  4- 6 || total
-------------------------+-------+-------++-------
Melee: Unarmed           |    87 |    27 ||   114
       Kick              |     8 |     4 ||    12
       Punch             |     3 |     1 ||     4
       Headbutt          |     2 |       ||     2
       Dagger            |       |    13 ||    13
 Cast: Beastly Appendage |     5 |     1 ||     6
       Sticks to Snakes  |     7 |     8 ||    15
       Spider Form       |       |     8 ||     8
  Use: Scroll            |     7 |     2 ||     9
       Potion            |     1 |     3 ||     4
  Eat: Meat ration       |       |     1 ||     1
Armor: Robe              |    29 |    10 ||    39
       Skin              |       |     3 ||     3
Dodge: Dodged            |    36 |    43 ||    79
